 Dungeon Crawl Stone Soup version 0.21.1-1-g345015f (webtiles) character file.

620 kae the Chiller (level 7, -6/46 HPs)
             Began as a Merfolk Ice Elementalist on May 3, 2018.
             Mangled by Grinder (8 damage)
             ... on level 3 of the Dungeon.
             The game lasted 00:05:17 (4342 turns).

kae the Chiller (Merfolk Ice Elementalist)          Turns: 4342, Time: 00:05:18

Health: -6/46      AC:  7    Str:  9      XL:     7   Next: 46%
Magic:  1/12       EV: 13    Int: 16      God:
Gold:   220        SH:  4    Dex: 15 (16) Spells: 6/13 levels left

rFire    + . .     SeeInvis .   m - +4 spear (venom)
rCold    + . .     Gourm    .   (no shield)
rNeg     . . .     Faith    .   r - +2 robe {rC+ rF+}
rPois    .         Spirit   .   n - +0 helmet
rElec    .         Reflect  +   v - +1 cloak
rCorr    .         Harm     .   (no gloves)
MR       .....     Rnd*Rage +   (no boots)
Stlth    ++........             j - +4 amulet of reflection
HPRegen  0.15/turn              (no ring)
MPRegen  0.13/turn              (no ring)

@: no status effects
A: change form in water, swift swim, stealthy swim, agile 1, berserk 1,
deterioration 1
a: no special abilities


You were on level 3 of the Dungeon.
You were very hungry.

You visited 1 branch of the dungeon, and saw 3 of its levels.

You collected 220 gold pieces.

Inventory:

Hand Weapons
 m - a +4 spear of venom (weapon)
 s - a +0 scythe
Armour
 n - a +0 helmet (worn)
 r - a +2 robe of resistance (worn)
 v - a +1 cloak (worn)
Jewellery
 j - a +4 amulet of reflection (around neck)
Wands
 t - a wand of polymorph (12)
 u - a wand of digging (7)
Scrolls
 d - 2 scrolls of identify
Potions
 e - a potion of cancellation {unknown}
 f - 2 potions of flight
 i - a potion of curing {unknown}
 o - 3 potions of magic {unknown}
 q - a potion of brilliance {unknown}
Books
 b - a book of Frost

   Spells                             Type                      Level
   a - Freeze                         Ice                          1
   b - Throw Frost                    Conjuration/Ice              2
   c - Ozocubu's Armour               Charms/Ice                   3
   d - Throw Icicle                   Conjuration/Ice              4
   e - Summon Ice Beast               Ice/Summoning                4
Comestibles
 c - 5 rations


   Skills:
 * Level 5.8 Polearms
 - Level 2.6 Dodging
 - Level 2.1 Stealth
 + Level 3.8 Spellcasting
 - Level 0.7 Conjurations
 * Level 6.8 Ice Magic


You had 6 spell levels left.
You knew the following spells:

 Your Spells              Type           Power        Failure   Level  Hunger
a - Freeze                Ice            ####         1%          1    None
b - Throw Frost           Conj/Ice       ###...       5%          2    ##.....
c - Throw Icicle          Conj/Ice       ###.....     34%         4    ####...


Dungeon Overview and Level Annotations

Branches:
Dungeon (3/15)

Altars:

Annotations:
D:3 Grinder; TinyReaver's ghost, amateur HOWn


Innate Abilities, Weirdness & Mutations

You revert to your normal form in water.
You are very nimble and swift while swimming.
You are very stealthy in the water. (Stealth+)
You are agile. (Dex +2)
You tend to lose your temper in combat.
Your body sometimes deteriorates upon taking damage.


Message History

Grinder is moderately wounded.
You block Grinder's attack.
You hit Grinder.
Grinder looks even sicker.
Grinder is heavily wounded.
Grinder gestures at you. Pain shoots through your body!
* * * LOW HITPOINT WARNING * * *
Your body deteriorates!
You feel clumsy.
You hit Grinder but do no damage.
Grinder is heavily wounded.
You closely miss Grinder.
Grinder is heavily wounded.
Grinder hits you but does no damage.
You closely miss Grinder.
Grinder is heavily wounded.
Grinder closely misses you.
You hit Grinder.
Grinder is heavily wounded.
Grinder hits you!
You die...

..##...#.# #.........#####.#..#..
..##...#)###(##....### #.5.......
......)#.รท.........#####....####.
.......)...###..#....#...........
.........(.# #..#....'......#####
...........# #.......#......#
...........# #.......#......#
+##'######## #.......#.#(#..#
.##.# ##5@....#...#..# <##.##
#......#####..# .....# #......#
#..# ###### #.....## .# ######..
.## ##


You could see Grinder.

Vanquished Creatures
  Sigmund (D:2)
  2 ogres
  Crazy Yiuf (D:2)
  Jessica (D:2)
  Natasha (thrice) (D:2)
  A worker ant (D:3)
  Robin (D:2)
  3 adders (D:2)
  2 oozes
  A worm (D:2)
  2 dart slugs (D:1)
  6 leopard geckos
  5 orcs (D:3)
  A giant cockroach (D:2)
  15 goblins
  15 hobgoblins
  2 jackals (D:1)
  8 kobolds
  3 quokkas
  5 bats
  3 frilled lizards
  4 rats
85 creatures vanquished.

Notes
Turn   | Place    | Note
-------+----------+-------------------------------------------
     0 | D:1      | kae the Merfolk Ice Elementalist began the quest for the Orb.
     0 | D:1      | Reached XP level 1. HP: 13/13 MP: 3/3
   129 | D:1      | Reached XP level 2. HP: 7/19 MP: 0/5
   426 | D:1      | Reached skill level 4 in Ice Magic
   716 | D:1      | Reached XP level 3. HP: 21/24 MP: 3/6
  1171 | D:2      | Noticed Robin
  1305 | D:2      | Noticed an ogre
  1411 | D:2      | Gained mutation: You tend to lose your temper in combat. [potion of mutation]
  1411 | D:2      | Gained mutation: Your body sometimes deteriorates upon taking damage. [potion of mutation]
  1411 | D:2      | Gained mutation: You are agile. (Dex +2) [potion of mutation]
  1433 | D:2      | Killed Robin
  1453 | D:1      | Reached XP level 4. HP: 19/30 MP: 0/8
  1949 | D:2      | Reached skill level 5 in Ice Magic
  2104 | D:2      | Noticed Natasha
  2110 | D:2      | Killed Natasha
  2110 | D:2      | Reached skill level 1 in Polearms
  2110 | D:2      | Reached XP level 5. HP: 35/35 MP: 9/9
  2111 | D:2      | Noticed Natasha
  2119 | D:2      | Killed Natasha
  2191 | D:2      | Noticed Sigmund
  2203 | D:2      | Killed Sigmund
  2203 | D:2      | Reached skill level 6 in Ice Magic
  2203 | D:2      | Reached XP level 6. HP: 29/41 MP: 8/11
  2292 | D:2      | Found a runed door.
  2347 | D:2      | Noticed Jessica
  2358 | D:2      | Killed Jessica
  2392 | D:2      | Noticed Natasha
  2397 | D:2      | Killed Natasha
  2950 | D:2      | Learned a level 2 spell: Throw Frost
  2955 | D:2      | Learned a level 4 spell: Throw Icicle
  2955 | D:2      | Noticed Crazy Yiuf
  2960 | D:2      | Killed Crazy Yiuf
  3063 | D:2      | Reached skill level 5 in Polearms
  3063 | D:2      | Reached XP level 7. HP: 46/46 MP: 2/12
  3261 | D:3      | Noticed Grinder
  3275 | D:3      | Paralysed by Grinder for 4 turns
  3283 | D:3      | Noticed TinyReaver's ghost (amateur HOWn)
  4319 | D:3      | Paralysed by Grinder for 7 turns
  4338 | D:3      | HP: 1/46 [Grinder/nerve-wracking pain (14)]
  4342 | D:3      | Mangled by Grinder

Skill      XL: |  1  2  3  4  5  6 |
---------------+-------------------+-----
Ice Magic      | 4 5 6 |  6.8
Polearms       | 1 4 5 |  5.8
Spellcasting   | 3 |  3.8
Dodging        | |  2.6
Stealth        | |  2.1
Conjurations   | |  0.7

Action                   |  1- 3 |  4- 6 |  7- 9 || total
-------------------------+-------+-------+-------++-------
Melee: Unarmed           |    47 |     9 |       ||    56
       Spear             |       |    63 |    45 ||   108
 Cast: Freeze            |    53 |    22 |     9 ||    84
       Throw Frost       |       |     6 |     9 ||    15
  Use: Potion            |     1 |       |     1 ||     2
       Scroll            |       |       |     6 ||     6
 Stab: Sleeping          |     2 |     6 |       ||     8
  Eat: Chunk             |     2 |     6 |     3 ||    11
Armor: Robe              |    20 |     3 |     7 ||    30
Dodge: Dodged            |    83 |    51 |    20 ||   154
Block: Other             |       |       |     5 ||     5
       Reflection        |       |       |     1 ||     1
